 Dungeon Crawl Stone Soup version 0.21.1-1-g345015f (webtiles) character file.

129 glosham the Magician (level 4, 0/31 HPs)
             Began as a Mummy Earth Elementalist on May 29, 2018.
             Slain by a worm (8 damage)
             ... on level 2 of the Dungeon.
             The game lasted 00:19:20 (1046 turns).

glosham the Magician (Mummy Earth Elementalist)     Turns: 1046, Time: 00:19:20

Health: 0/31       AC:  3    Str: 11    XL:     4   Next: 88%
Magic:  16/21      EV: 12    Int: 15    God:
Gold:   48         SH:  0    Dex: 12    Spells: 12/15 levels left

rFire    x . .     SeeInvis .   a - +0 dagger (flame)
rCold    + . .     Gourm    .   (no shield)
rNeg     + + +     Faith    .   X - +0 robe
rPois    ∞         Spirit   .   U - +0 helmet
rElec    .         Reflect  .   (no cloak)
rCorr    .         Harm     .   (no gloves)
MR       .....                  (no boots)
Stlth    ++........             (no amulet)
HPRegen  0.10/turn              A - ring of magical power
MPRegen  0.17/turn              B - ring of wizardry

@: no status effects
A: no food or potions, fire vulnerability, cold resistance 1, negative energy
resistance 3, torment resistance, unbreathing
a: no special abilities


You were on level 2 of the Dungeon.
You were not hungry.

You visited 1 branch of the dungeon, and saw 4 of its levels.

You collected 48 gold pieces.

Inventory:

Hand Weapons
 a - a +0 dagger of flaming (weapon)
 b - a +0 falchion
 c - a +0 hunting sling
Missiles
 f - 62 arrows
 n - 23 stones (quivered)
Armour
 U - a +0 helmet (worn)
 X - a +0 robe (worn)
Jewellery
 A - a ring of magical power (left hand)
 B - a ring of wizardry (right hand)
Scrolls
 e - a scroll of random uselessness {unknown}
 g - 3 scrolls of identify {unknown}
 h - a scroll of fog {unknown}
 i - a scroll of remove curse {unknown}
 j - a scroll of enchant armour {unknown}
 l - a scroll of immolation {unknown}
 m - 2 scrolls of blinking {unknown}
Books
 d - a book of Geomancy

   Spells                             Type                      Level
   a - Sandblast                      Earth                        1
   b - Passwall                       Transmutation/Earth          2
   c - Stone Arrow                    Conjuration/Earth            3
   d - Petrify                        Transmutation/Earth          4
   e - Lee's Rapid Deconstruction     Earth                        5
 o - a book of Maledictions

   Spells                             Type                      Level
   a - Corona                         Hexes                        1
   b - Ensorcelled Hibernation        Hexes/Ice                    2
   c - Confuse                        Hexes                        3
   d - Tukima's Dance                 Hexes                        3
   e - Dazzling Spray                 Conjuration/Hexes            3


   Skills:
 + Level 0.4 Fighting
 - Level 1.5 Dodging
 - Level 1.5 Stealth
 * Level 6.2 Spellcasting
 - Level 0.7 Transmutations
 - Level 2.4 Earth Magic


You had 12 spell levels left.
You knew the following spells:

 Your Spells              Type           Power        Failure   Level  Hunger
x - Sandblast             Erth           ##....       2%          1    N/A
P - Passwall              Tmut/Erth      #.........   4%          2    N/A

Dungeon Overview and Level Annotations

Branches:
Dungeon (4/15)
 Temple: D:4-7

Altars:
Gozag
Okawaru

Annotations:
D:4 Tiareth's ghost, amateur DEWz


Innate Abilities, Weirdness & Mutations

You do not eat or drink.
Your flesh is vulnerable to fire.
You are immune to poison.
Your flesh is cold resistant. (rC+)
You are immune to negative energy. (rN+++)
You are immune to unholy pain and torment.
You can survive without breathing.


Message History

Press: ? - help, Shift-Dir - straight line, f/p - orc
Aim: an orc, wielding a whip The blast of sand hits the worm.
The worm is moderately wounded.
n - 25 stones
Casting: Sandblast
Confirm with . or Enter, or press ? or * to list all spells.
Aiming: Sandblast
Press: ? - help, Shift-Dir - straight line, f/p - orc
Aim: an orc, wielding a whip The blast of sand hits the worm.
The worm is almost dead.
n - 24 stones You barely miss the worm.
The worm is almost dead.
The worm barely misses you.
You barely miss the worm.
The worm is almost dead.
The worm bites you.
You hit the worm but do no damage.
The worm is severely wounded.
You hit the worm but do no damage.
The worm is severely wounded.
The worm bites you but does no damage.
You hit the worm. You burn the worm.
The worm is almost dead.
You barely miss the worm.
The worm is almost dead.
The worm bites you!
Unknown command.
Casting: Sandblast
Confirm with . or Enter, or press ? or * to list all spells.
Aiming: Sandblast
Press: ? - help, Shift-Dir - straight line, f/p - orc
Aim: an orc, wielding a whip The blast of sand misses the worm.
The blast of sand hits the orc.
You kill the orc!
n - 23 stones The worm bites you!
You die...

#....#..........#..####
#....#..........#...
#....#..........#....
##.#.#...)......#.....
#.#.#..........#......
#######...#..........#.!.... ###
#.....##..#..........#
..#######..##..#..........#
.....#####......@######..## >
.......####.#..#.w)####...#####..
##.............###..).........(..
.#..##.######....####..........?$
.....[.######....................
..................##.o...........
....÷###.####...................?
.#...# #...##..######.o..........
##...# ###.....####.....w........


You could see a worm.

Vanquished Creatures
  Jessica (D:2)
  Natasha (D:3)
  2 adders (D:2)
  3 worms
  3 dart slugs
  A leopard gecko (D:4)
  4 orcs (D:2)
  2 giant cockroaches (D:1)
  6 goblins
  5 hobgoblins
  2 kobolds
  4 bats
  4 frilled lizards
  7 rats
45 creatures vanquished.

Notes
Turn   | Place    | Note
-------+----------+-------------------------------------------
     0 | D:1      | glosham the Mummy Earth Elementalist began the quest for the Orb.
     0 | D:1      | Reached XP level 1. HP: 13/13 MP: 4/4
    55 | D:1      | Reached skill level 3 in Spellcasting
   210 | D:1      | Reached XP level 2. HP: 19/19 MP: 2/6
   363 | D:2      | Found an iron altar of Okawaru.
   367 | D:2      | Reached skill level 4 in Spellcasting
   384 | D:2      | Noticed Jessica
   390 | D:2      | Killed Jessica
   390 | D:2      | Reached skill level 5 in Spellcasting
   390 | D:2      | Reached XP level 3. HP: 15/24 MP: 0/9
   532 | D:2      | Reached XP level 4. HP: 17/30 MP: 8/11
   597 | D:3      | Found an opulent altar of Gozag.
   627 | D:4      | Noticed Tiareth's ghost (amateur DEWz)
   646 | D:4      | Noticed Natasha
   653 | D:3      | Killed Natasha
   653 | D:3      | Reached skill level 6 in Spellcasting
   663 | D:3      | Learned a level 2 spell: Passwall
  1046 | D:2      | Slain by a worm

Skill      XL: |  1  2  3  4 |
---------------+-------------+-----
Spellcasting   | 3 5 6 |  6.2
Fighting       | |  0.4
Dodging        | |  1.5
Stealth        | |  1.5
Transmutations | |  0.7
Earth Magic    | |  2.4

Action                   |  1- 3 |  4- 6 || total
-------------------------+-------+-------++-------
Melee: Falchion          |    17 |    15 ||    32
       Dagger            |       |    63 ||    63
 Cast: Sandblast         |    32 |    19 ||    51
 Stab: Sleeping          |       |     2 ||     2
Armor: Robe              |     9 |    16 ||    25
Dodge: Dodged            |    21 |    41 ||    62
       Rpst.: Falchion   |     2 |     6 ||     8

Table legend:
 A = Turns spent in this place as a percentage of turns spent in the entire game.
 B = Non-inter-level travel turns spent in this place as a percentage of non-inter-level travel turns spent in the entire game.
 C = Inter-level travel turns spent in this place as a percentage of turns spent in this place.
 D = Turns resting spent in this place as a percentage of non-inter-level travel turns spent in this place.
 E = Turns spent auto-exploring this place as a percentage of non-inter-level travel turns spent in this place.
 F = Non-inter-level travel turns spent in this place divided by the number of levels of this place that you've seen.
                   A       B       C       D       E      F
               +-------+-------+-------+-------+-------+----------------------
         Total | 100.0 | 100.0 |   9.0 |   0.0 |   0.0 | 238.0
       Dungeon | 100.0 | 100.0 |   9.0 |   0.0 |   0.0 | 238.0
               +-------+-------+-------+-------+-------+----------------------

Table legend:
 A = Kills in this place as a percentage of kills in entire the game.
 B = Kills by you in this place as a percentage of kills by you in the entire game.
 C = Kills by friends in this place as a percentage of kills by friends in the entire game.
 D = Other kills in this place as a percentage of other kills in the entire game.
 E = Experience gained in this place as a percentage of experience gained in the entire game.
 F = Experience gained in this place divided by the number of levels of this place that you have seen.
                   A       B       C       D       E      F
               +-------+-------+-------+-------+-------+----------------------
         Total | 100.0 | 100.0 |   N/A |   N/A | 100.0 |  46.2
       Dungeon | 100.0 | 100.0 |   N/A |   N/A | 100.0 |  46.2
               +-------+-------+-------+-------+-------+----------------------

Vault maps used:
D:1:      evilmike_arrival_plus, minmay_three_crescents
D:2:      okawaru_gym_becter, uniq_jessica
D:3:      grunt_gozag_breadcrumbs, uniq_robin
D:4:      minmay_temple_entry_grid, first_ration, uniq_natasha
